[Event "Catalan Youth Championship 2024"]
[Site "Cambrils"]
[Date "2024.03.25"]
[Round "5.17"]
[White "Ano Pla, Gerard"]
[Black "Valle Luis, Leo"]
[Result "1-0"]
[ECO "A67"]
[WhiteElo "2230"]
[BlackElo "2230"]
[Annotator "RC"]
[PlyCount "149"]
[EventDate "2024.03.13"]
[EventType "swiss"]
[EventCountry "ESP"]
[SourceTitle "playchess.com"]
[Source "ChessBase"]
[SourceQuality "1"]
[TimeControl "5400+30"]

1. d4 Nf6 2. c4 e6 3. Nc3 c5 4. d5 exd5 5. cxd5 d6 6. e4 g6 7. f4 Bg7 8. Bb5+ Nfd7 9. Be2 a6 10. a4 Qh4+ 11. g3 Qd8 12. Nf3 O-O 13. O-O Re8 14. Kg2 Nf6 15. Nd2 Nbd7 16. Qc2 Rb8 17. Re1 Nf8 18. a5 b5 19. axb6 Rxb6 20. Nc4 Rb4 21. Bd2 Ng4 22. Nd1 Rb8 23. h3 Nf6 24. Bf3 Re7 25. Nf2 Ne8 26. e5 Bf5 27. Qd1 Reb7 28. Rxa6 dxe5 29. fxe5 Rb3 30. Bc3 Nc7 31. Rd6 Qg5 32. h4 Qe7 33. Rc6 Ne8 34. Ra6 Bc8 35. Ra1 Qc7 36. Ne4 Bf5 37. Nf2 Bc8 38. Na5 R3b6 39. Nc6 Rxc6 40. dxc6 Be6 41. Qa4 g5 42. h5 Qc8 43. Qa6 g4 44. Be4 Qd8 45. Qa7 Rc8 46. Qxc5 Nd7 47. Qa5 Nb6 48. Red1 Qc7 49. Qa7 Nc4 50. Qxc7 Nxc7 51. Re1 Nb5 52. Nd3 Nxc3 53. bxc3 Nd2 54. Nb4 Nxe4 55. Rxe4 Bf8 56. Rd1 Bg7 57. Ra1 Bf8 58. Rd1 Bxb4 59. cxb4 Rxc6 60. h6 Kf8 61. Rd2 Ke7 62. b5 Rb6 63. Rb4 Bd7 64. Kf2 Be8 65. Ke3 Bd7 66. Rd6 Rb8 67. b6 Bc8 68. Rc4 Bb7 69. Rc7+ Ke8 70. Rdd7 Bc8 71. Re7+ Kd8 72. b7 Be6 73. Rxf7 Bf5 74. Rxh7 Be6 75. Rcg7 1-0

[Event "Catalan Youth Championship 2024"]
[Site "Cambrils"]
[Date "2024.03.25"]
[Round "5.18"]
[White "Garcia Caro, Juan Alber"]
[Black "Funes Ostos, Aitor"]
[Result "0-1"]
[ECO "B13"]
[WhiteElo "2128"]
[BlackElo "2125"]
[Annotator "RC"]
[PlyCount "102"]
[EventDate "2024.03.13"]
[EventType "swiss"]
[EventCountry "ESP"]
[SourceTitle "playchess.com"]
[Source "ChessBase"]
[SourceQuality "1"]
[TimeControl "5400+30"]

1. e4 c6 2. d4 d5 3. exd5 cxd5 4. Bd3 Nf6 5. c3 Bg4 6. Ne2 Bxe2 7. Qxe2 Qc7 8. O-O e6 9. Nd2 Bd6 10. Nf3 Nc6 11. Re1 O-O 12. Ne5 Bxe5 13. dxe5 Nd7 14. Bf4 Nc5 15. Rad1 f5 16. Qe3 b6 17. Bb5 Ne7 18. f3 a6 19. Bf1 b5 20. Qf2 Nd7 21. Be3 f4 22. Bd4 Nc6 23. Bd3 Rae8 24. Qh4 g6 25. Qg5 Qd8 26. Qg4 Qe7 27. h4 Qg7 28. Qg5 Ne7 29. Kf2 h5 30. g4 fxg3+ 31. Qxg3 Nf5 32. Qg5 Rf7 33. Rg1 Kh7 34. f4 Rg8 35. Ke2 Qf8 36. a3 Nc5 37. Bc2 Ne4 38. Bxe4 dxe4 39. Qg2 Nxh4 40. Qxe4 Rxf4 41. Qe3 Qf5 42. Rdf1 Qc2+ 43. Qd2 Re4+ 44. Be3 Qxd2+ 45. Kxd2 Rd8+ 46. Bd4 Nf5 47. Kd3 Rxe5 48. Kc2 Nxd4+ 49. cxd4 Rxd4 50. Rf7+ Kh6 51. Rf6 Rg4 0-1

[Event "Catalan Youth Championship 2024"]
[Site "Cambrils"]
[Date "2024.03.25"]
[Round "5.19"]
[White "Porta Isant, Lluis"]
[Black "Creixans Comerma, Pol"]
[Result "1-0"]
[ECO "B30"]
[WhiteElo "2115"]
[BlackElo "1981"]
[Annotator "RC"]
[PlyCount "67"]
[EventDate "2024.03.13"]
[EventType "swiss"]
[EventCountry "ESP"]
[SourceTitle "playchess.com"]
[Source "ChessBase"]
[SourceQuality "1"]
[TimeControl "5400+30"]

1. e4 c5 2. Nf3 Nc6 3. Bb5 Na5 4. c3 a6 5. Ba4 b5 6. Bc2 e6 7. O-O Bb7 8. d4 cxd4 9. cxd4 Nf6 10. Re1 Rc8 11. d5 Bc5 12. Bg5 Qc7 13. Bd3 O-O 14. Bxf6 gxf6 15. Qd2 Kg7 16. e5 f5 17. b4 Bxb4 18. Qxb4 Bxd5 19. Qf4 Rg8 20. Nbd2 Kh8 21. Rad1 Rg4 22. Qh6 Rg6 23. Qh4 Bxa2 24. Ng5 Rg7 25. Qh5 Kg8 26. Ndf3 Bc4 27. Bxc4 bxc4 28. g4 fxg4 29. Nd2 c3 30. Nde4 Qxe5 31. Rxd7 Qf4 32. Qh6 Kh8 33. Qxg7+ Kxg7 34. Nxe6+ 1-0

[Event "Catalan Youth Championship 2024"]
[Site "Cambrils"]
[Date "2024.03.25"]
[Round "5.20"]
[White "Broadbent Brun, Jensen"]
[Black "Serrahima Susany, Ramon"]
[Result "0-1"]
[ECO "E54"]
[WhiteElo "1917"]
[BlackElo "2029"]
[Annotator "NA RC"]
[PlyCount "102"]
[EventDate "2024.03.13"]
[EventType "swiss"]
[EventCountry "ESP"]
[SourceTitle "playchess.com"]
[Source "ChessBase"]
[SourceQuality "1"]
[TimeControl "5400+30"]

1. d4 d5 2. c4 e6 3. Nf3 Nf6 4. Nc3 dxc4 5. e3 c5 6. Bxc4 Nc6 7. O-O cxd4 8. exd4 Be7 9. Bg5 O-O 10. a3 b6 11. Qd3 Bb7 12. Rac1 Rc8 13. Ba2 h6 14. Bxf6 Bxf6 15. d5 exd5 16. Nxd5 Bxb2 17. Rcd1 Ne7 18. Qb5 Nxd5 19. Bxd5 Bxd5 20. Rxd5 Qf6 21. Ne5 Bxe5 22. Rxe5 Rc3 23. a4 Ra3 24. Re8 Rxe8 25. Qxe8+ Kh7 26. Qe4+ g6 27. h4 Ra1 28. Rxa1 Qxa1+ 29. Kh2 Kg7 30. g3 Qf6 31. Kg2 Qf5 32. Qb7 a5 33. Qc6 Qc5 34. Qe4 b5 35. axb5 Qxb5 36. Qd4+ Kh7 37. Qf4 Qf5 38. Qc4 h5 39. Qa4 Qd5+ 40. Kg1 Qc5 41. Qa2 Kg8 42. Qa4 Kf8 43. Qd7 Qb4 44. Qd8+ Kg7 45. Qe8 Qd4 46. Qe7 Qa1+ 47. Kg2 a4 48. f4 a3 49. f5 a2 50. fxg6 Qf6 51. gxf7 Qxe7 0-1

[Event "Catalan Youth Championship 2024"]
[Site "Cambrils"]
[Date "2024.03.25"]
[Round "5.21"]
[White "Serrano Batova, Vicent"]
[Black "Jurado Coderch, Heribert"]
[Result "1-0"]
[ECO "D05"]
[WhiteElo "2104"]
[BlackElo "1960"]
[Annotator "RC"]
[PlyCount "45"]
[EventDate "2024.03.13"]
[EventType "swiss"]
[EventCountry "ESP"]
[SourceTitle "playchess.com"]
[Source "ChessBase"]
[SourceQuality "1"]
[TimeControl "5400+30"]

1. d4 d5 2. Nf3 Nf6 3. e3 e6 4. b3 b6 5. Bb2 Bb7 6. Bd3 Bd6 7. O-O O-O 8. Nbd2 c5 9. Ne5 Nc6 10. a3 Rc8 11. f4 Ne7 12. Ng4 Nf5 13. dxc5 Bxc5 14. Bxf5 exf5 15. Nxf6+ gxf6 16. Rf3 Kh8 17. b4 Be7 18. Rh3 Rg8 19. Bd4 Rg7 20. Nf3 Qc7 21. c3 Rcg8 22. Ng5 fxg5 23. Rxh7+ 1-0

[Event "Catalan Youth Championship 2024"]
[Site "Cambrils"]
[Date "2024.03.25"]
[Round "5.22"]
[White "Martin Barcelo, Carles"]
[Black "Gomez Navais, Marcal"]
[Result "1-0"]
[ECO "B51"]
[WhiteElo "2234"]
[BlackElo "2086"]
[Annotator "RC"]
[PlyCount "89"]
[EventDate "2024.03.13"]
[EventType "swiss"]
[EventCountry "ESP"]
[SourceTitle "playchess.com"]
[Source "ChessBase"]
[SourceQuality "1"]
[TimeControl "5400+30"]

1. e4 c5 2. Nf3 d6 3. Bb5+ Nd7 4. Ba4 Ngf6 5. O-O g6 6. Re1 Bg7 7. c3 a6 8. d4 cxd4 9. cxd4 O-O 10. Bb3 e5 11. Nc3 b5 12. a4 b4 13. Nd5 Nxd5 14. Bxd5 Rb8 15. Bg5 Bf6 16. Be3 Nb6 17. dxe5 dxe5 18. Bc5 Re8 19. Bd6 Rb7 20. Bxb7 Bxb7 21. Bxb4 Qa8 22. a5 Nc8 23. Qe2 Na7 24. Nd2 Nb5 25. Bc3 Bc6 26. Nc4 Qc8 27. Nb6 Qb7 28. Rad1 Be7 29. Nd5 Bd8 30. Qc4 Nd6 31. Qb4 Nb5 32. Qc5 Re6 33. Nf4 Re8 34. Nd5 Re6 35. Kh1 h5 36. f3 h4 37. Re2 h3 38. gxh3 Bg5 39. Rg2 Bh4 40. Rg4 Bd8 41. Nf4 Re8 42. Nxg6 Kh7 43. Nf8+ Kh6 44. Qe3+ Kh5 45. Bd2 1-0

[Event "Catalan Youth Championship 2024"]
[Site "Cambrils"]
[Date "2024.03.25"]
[Round "5.23"]
[White "Rocamora Martorell, Ferran"]
[Black "Pujol Biosca, Joan"]
[Result "1-0"]
[ECO "E62"]
[WhiteElo "2118"]
[BlackElo "1979"]
[Annotator "RC"]
[PlyCount "93"]
[EventDate "2024.03.13"]
[EventType "swiss"]
[EventCountry "ESP"]
[SourceTitle "playchess.com"]
[Source "ChessBase"]
[SourceQuality "1"]
[TimeControl "5400+30"]

1. Nf3 Nf6 2. c4 g6 3. g3 Bg7 4. Bg2 O-O 5. d4 d6 6. O-O Nc6 7. Nc3 e5 8. h3 Nd7 9. Be3 Re8 10. Qd2 Nb6 11. b3 e4 12. Ne1 f5 13. Nc2 Ne7 14. d5 c5 15. Bf4 a6 16. f3 exf3 17. Bxf3 Kh8 18. Rae1 Ng8 19. e4 Nf6 20. e5 dxe5 21. Rxe5 Ne4 22. Rxe8+ Qxe8 23. Re1 Qf8 24. Bxe4 fxe4 25. Nxe4 Bxh3 26. Kh2 Bf5 27. Ng5 Re8 28. Bd6 Qg8 29. Ne3 Nd7 30. Nxf5 gxf5 31. Ne6 Bf6 32. Qf4 Qg6 33. Rf1 Qh5+ 34. Kg2 Qe2+ 35. Rf2 Qe4+ 36. Qxe4 fxe4 37. Rxf6 Nxf6 38. Be5 Kg8 39. Bxf6 Kf7 40. Bc3 b6 41. g4 Rg8 42. Kg3 h6 43. Kf4 Ke7 44. Ng7 Rf8+ 45. Nf5+ Kd7 46. Kxe4 Re8+ 47. Be5 1-0

[Event "Catalan Youth Championship 2024"]
[Site "Cambrils"]
[Date "2024.03.25"]
[Round "5.24"]
[White "Vara Soler, Luis"]
[Black "Olcina Monells, Jordi"]
[Result "1/2-1/2"]
[ECO "C68"]
[WhiteElo "1889"]
[BlackElo "1929"]
[Annotator "NA RC"]
[PlyCount "41"]
[EventDate "2024.03.13"]
[EventType "swiss"]
[EventCountry "ESP"]
[SourceTitle "playchess.com"]
[Source "ChessBase"]
[SourceQuality "1"]
[TimeControl "5400+30"]

1. e4 e5 2. Nf3 Nc6 3. Bb5 a6 4. Bxc6 dxc6 5. O-O Bg4 6. h3 h5 7. d3 Qf6 8. Nbd2 Ne7 9. Re1 Ng6 10. d4 Bd6 11. hxg4 hxg4 12. Nh2 Rxh2 13. Qxg4 Qh4 14. Qxh4 Rxh4 15. Nf3 Rh8 16. dxe5 Nxe5 17. Nxe5 Bxe5 18. g3 O-O-O 19. Kg2 Rd7 20. c3 Rhd8 21. f4 1/2-1/2

[Event "Catalan Youth Championship 2024"]
[Site "Cambrils"]
[Date "2024.03.26"]
[Round "6.1"]
[White "Caballero Mogilnikov, Liam"]
[Black "Ortega Campallo, David"]
[Result "1-0"]
[ECO "B21"]
[WhiteElo "1659"]
[BlackElo "1522"]
[Annotator "NA RC"]
[PlyCount "85"]
[EventDate "2024.03.13"]
[EventType "swiss"]
[EventCountry "ESP"]
[SourceTitle "playchess.com"]
[Source "ChessBase"]
[SourceQuality "1"]
[TimeControl "5400+30"]

1. e4 c5 2. d4 cxd4 3. c3 dxc3 4. Nxc3 Nc6 5. Nf3 e6 6. Bc4 Bb4 7. O-O Bxc3 8. bxc3 Nge7 9. Re1 O-O 10. e5 h6 11. Be3 Nf5 12. Bc5 Re8 13. Bd6 Nxd6 14. Qxd6 Qe7 15. Qd3 Na5 16. Bb3 Nxb3 17. axb3 b6 18. Qe4 Rb8 19. Rxa7 Qc5 20. Qd4 Qxd4 21. Nxd4 Bb7 22. Nb5 Bc6 23. Nd6 Red8 24. b4 Ra8 25. Rxa8 Rxa8 26. b5 Bd5 27. c4 Bxc4 28. Nxc4 Rb8 29. Rd1 Rb7 30. g3 Rc7 31. Nxb6 Rc5 32. Nxd7 Rxb5 33. Rc1 Rd5 34. Rc8+ Kh7 35. Nf8+ Kh8 36. Nxe6+ Kh7 37. Nf8+ Kh8 38. h4 Rd1+ 39. Kg2 g5 40. hxg5 hxg5 41. Ne6+ Kh7 42. Nxg5+ Kg6 43. Nf3 1-0

[Event "Catalan Youth Championship 2024"]
[Site "Cambrils"]
[Date "2024.03.26"]
[Round "6.2"]
[White "Guiu Ruiz, Lluc"]
[Black "Escobar Pavlik, Luka"]
[Result "1-0"]
[ECO "B12"]
[WhiteElo "1613"]
[BlackElo "1612"]
[Annotator "NA RC"]
[PlyCount "91"]
[EventDate "2024.03.13"]
[EventType "swiss"]
[EventCountry "ESP"]
[SourceTitle "playchess.com"]
[Source "ChessBase"]
[SourceQuality "1"]
[TimeControl "5400+30"]

1. e4 c6 2. d4 d5 3. e5 Bf5 4. Nf3 e6 5. Be2 c5 6. c3 Nc6 7. O-O cxd4 8. cxd4 h6 9. a3 Nge7 10. b4 Rc8 11. Be3 Ng6 12. Nbd2 Be7 13. Rc1 O-O 14. Re1 Qd7 15. Nb3 b6 16. Nbd2 Nb8 17. Qb3 Rc7 18. Rxc7 Qxc7 19. Nf1 Qd7 20. Rc1 Rc8 21. Rxc8+ Qxc8 22. Bd3 Bxd3 23. Qxd3 Qc6 24. h3 Nf8 25. Ng3 Nfd7 26. h4 b5 27. h5 Qc4 28. Qd2 Bf8 29. Ne2 f5 30. Nf4 Qc6 31. Ng6 Kh7 32. Qd3 Qc4 33. Qb1 Kg8 34. Nf4 Qc6 35. g4 fxg4 36. Nh4 Na6 37. Qg6 Nc7 38. Nf5 Kh8 39. Nxh6 gxh6 40. Qf7 Bg7 41. Ng6+ Kh7 42. Ne7 Qa8 43. Bxh6 Ne8 44. Qg6+ Kh8 45. Bxg7+ Nxg7 46. Qh6# 1-0

[Event "Catalan Youth Championship 2024"]
[Site "Cambrils"]
[Date "2024.03.26"]
[Round "6.3"]
[White "Perez Monakhov, Andres"]
[Black "Madorran Gomez, Marcel"]
[Result "1-0"]
[ECO "A46"]
[WhiteElo "1765"]
[BlackElo "1530"]
[Annotator "NA RC"]
[PlyCount "55"]
[EventDate "2024.03.13"]
[EventType "swiss"]
[EventCountry "ESP"]
[SourceTitle "playchess.com"]
[Source "ChessBase"]
[SourceQuality "1"]
[TimeControl "5400+30"]

1. d4 Nf6 2. Bg5 e6 3. e4 h6 4. Bxf6 Qxf6 5. Nf3 g6 6. Bd3 Bg7 7. c3 Nc6 8. Nbd2 b6 9. e5 Qe7 10. Qc2 d6 11. Bb5 Bb7 12. Qa4 Qd7 13. d5 Qd8 14. Bxc6+ Bxc6 15. Qxc6+ Kf8 16. exd6 cxd6 17. dxe6 fxe6 18. O-O Rc8 19. Qe4 Qe7 20. Rfe1 Re8 21. Nh4 Qg5 22. Ndf3 Qf6 23. Nxg6+ Kg8 24. Nxh8 Kxh8 25. Rad1 d5 26. Rxd5 exd5 27. Qxe8+ Kh7 28. Qe3 1-0

[Event "Catalan Youth Championship 2024"]
[Site "Cambrils"]
[Date "2024.03.26"]
[Round "6.4"]
[White "Claparols Merino, Inar"]
[Black "Garcia Corpas, Nicolas"]
[Result "0-1"]
[ECO "B23"]
[WhiteElo "1530"]
[BlackElo "1679"]
[Annotator "NA RC"]
[PlyCount "92"]
[EventDate "2024.03.13"]
[EventType "swiss"]
[EventCountry "ESP"]
[SourceTitle "playchess.com"]
[Source "ChessBase"]
[SourceQuality "1"]
[TimeControl "5400+30"]

1. e4 c5 2. Nc3 Nc6 3. f4 d6 4. Be2 Nd4 5. Nf3 Nxf3+ 6. Bxf3 e6 7. g3 Ne7 8. O-O g6 9. d4 c4 10. Re1 Rb8 11. Qe2 b5 12. b4 Nc6 13. d5 Bg7 14. Bb2 Nd4 15. Qf2 Qb6 16. Kh1 Nxf3 17. Qxf3 O-O 18. Red1 Bb7 19. dxe6 f5 20. Nd5 Bxd5 21. exd5 Bxb2 22. Rab1 Bg7 23. Qe2 a5 24. bxa5 Qxa5 25. e7 Rfe8 26. Qe6+ Kh8 27. Qxd6 Qa7 28. Re1 Bc3 29. Rbd1 Bxe1 30. Qf6+ Kg8 31. h4 Qxe7 32. Qd4 Qe4+ 33. Qxe4 Rxe4 34. d6 Bxg3 35. d7 Re1+ 36. Rxe1 Bxe1 37. Kg2 Bxh4 38. Kf3 Rd8 39. Ke3 Rxd7 40. c3 Be1 41. a4 bxa4 42. Kf3 a3 43. Kg2 a2 44. Kf1 a1=Q 45. Ke2 Rd2+ 46. Kf3 Qxc3# 0-1

[Event "Catalan Youth Championship 2024"]
[Site "Cambrils"]
[Date "2024.03.26"]
[Round "6.5"]
[White "Bru Montoya, Pau"]
[Black "Tallada Serret, Gerard"]
[Result "1/2-1/2"]
[ECO "B22"]
[WhiteElo "1850"]
[BlackElo "2085"]
[Annotator "RC"]
[PlyCount "78"]
[EventDate "2024.03.13"]
[EventType "swiss"]
[EventCountry "ESP"]
[SourceTitle "playchess.com"]
[Source "ChessBase"]
[SourceQuality "1"]
[TimeControl "5400+30"]

1. e4 c5 2. c3 Nf6 3. e5 Nd5 4. d4 cxd4 5. Qxd4 e6 6. Nf3 Nc6 7. Qe4 d6 8. Bb5 Bd7 9. c4 Nb6 10. exd6 a6 11. Bg5 Qb8 12. Bxc6 Bxc6 13. Qd4 Nd7 14. Nc3 Bxf3 15. gxf3 Qxd6 16. O-O-O Qxd4 17. Rxd4 Bc5 18. Rd2 f6 19. Bf4 Bb4 20. Rhd1 O-O-O 21. Kc2 Rhe8 22. Bd6 Bxd6 23. Rxd6 Kc7 24. f4 Nc5 25. Rxd8 Rxd8 26. Rxd8 Kxd8 27. b4 Nd7 28. Kb3 Kc7 29. c5 Nf8 30. Kc4 Ng6 31. Ne2 Kd7 32. a4 Ne7 33. Nd4 g6 34. b5 axb5+ 35. Kxb5 Nd5 36. Ne2 Kc7 37. a5 Kd7 38. Kc4 Kc7 39. Kb5 Kd7 1/2-1/2

[Event "Catalan Youth Championship 2024"]
[Site "Cambrils"]
[Date "2024.03.26"]
[Round "6.6"]
[White "Presas Gharbi, Rayan"]
[Black "Monclus Janssens, Jack"]
[Result "1/2-1/2"]
[ECO "B13"]
[WhiteElo "1705"]
[BlackElo "1707"]
[Annotator "NA RC"]
[PlyCount "165"]
[EventDate "2024.03.13"]
[EventType "swiss"]
[EventCountry "ESP"]
[SourceTitle "playchess.com"]
[Source "ChessBase"]
[SourceQuality "1"]
[TimeControl "5400+30"]

1. e4 c6 2. d4 d5 3. exd5 cxd5 4. Bd3 Nc6 5. c3 Nf6 6. Bf4 g6 7. Nd2 Bg7 8. Ngf3 Bg4 9. Qb3 Qb6 10. Ne5 Rd8 11. Qxb6 axb6 12. Nxc6 bxc6 13. h3 Bf5 14. Bxf5 gxf5 15. Nb3 Rc8 16. a4 e6 17. a5 bxa5 18. Rxa5 Nd7 19. O-O O-O 20. Nc5 Nxc5 21. Rxc5 Rfe8 22. Ra1 Bf8 23. Rca5 f6 24. Ra6 c5 25. Re1 Kf7 26. dxc5 Rxc5 27. Bd6 Bxd6 28. Rxd6 Re7 29. Re2 Ra5 30. f3 f4 31. Kf2 Rb5 32. Ke1 e5 33. Rd2 e4 34. R6xd5 exf3+ 35. Kf2 Rxd5 36. Rxd5 fxg2 37. Kxg2 Re2+ 38. Kf3 Rxb2 39. Kxf4 Rb3 40. Rd3 Ke6 41. Re3+ Kf7 42. Kf5 h5 43. Rd3 Rb5+ 44. Ke4 Ke6 45. c4 Re5+ 46. Kf4 Rf5+ 47. Kg3 Ke7 48. Rd4 Ke6 49. Re4+ Kd6 50. Rf4 Rg5+ 51. Kf3 Kc5 52. Re4 Rf5+ 53. Kg3 Rg5+ 54. Kh4 Re5 55. Rf4 Kb4 56. Kg3 Rg5+ 57. Kf3 Kc5 58. Re4 Re5 59. Rf4 Rg5 60. h4 Re5 61. Rxf6 Kxc4 62. Kf4 Kd4 63. Rd6+ Rd5 64. Ra6 Rc5 65. Ra4+ Kd5 66. Re4 Kd6 67. Ra4 Ke6 68. Ra6+ Kf7 69. Ra1 Kf6 70. Ra6+ Kf7 71. Rd6 Kg7 72. Re6 Rc4+ 73. Kg5 Rc5+ 74. Kf4 Rc4+ 75. Re4 Rxe4+ 76. Kxe4 Kh8 77. Kf5 Kg8 78. Kg6 Kh8 79. Kxh5 Kg8 80. Kg6 Kh8 81. h5 Kg8 82. h6 Kh8 83. h7 1/2-1/2

[Event "Catalan Youth Championship 2024"]
[Site "Cambrils"]
[Date "2024.03.26"]
[Round "6.7"]
[White "Hijarrubia Alvarez-Cuevas, Gonzalo"]
[Black "Mulet Polo, Pau"]
[Result "1/2-1/2"]
[ECO "B36"]
[WhiteElo "1827"]
[BlackElo "1768"]
[Annotator "NA RC"]
[PlyCount "41"]
[EventDate "2024.03.13"]
[EventType "swiss"]
[EventCountry "ESP"]
[SourceTitle "playchess.com"]
[Source "ChessBase"]
[SourceQuality "1"]
[TimeControl "5400+30"]

1. e4 c5 2. Nf3 Nc6 3. d4 cxd4 4. Nxd4 g6 5. c4 Nf6 6. Nc3 d6 7. Be2 Nxd4 8. Qxd4 Bg7 9. Be3 O-O 10. Qd3 a5 11. O-O a4 12. Bd4 Be6 13. Rfd1 $11 (13. f4 $1 $14 {was preferrable.}) 13... Qa5 14. f4 Rfc8 15. Nd5 Bxd5 16. exd5 Nd7 17. Bxg7 Kxg7 18. Qd4+ Kg8 19. Kh1 Qb6 20. Qd2 Nc5 21. Qd4 1/2-1/2

[Event "Catalan Youth Championship 2024"]
[Site "Cambrils"]
[Date "2024.03.26"]
[Round "6.8"]
[White "Linares Miralles, Jordi"]
[Black "Torres Herrera, Guillem"]
[Result "1/2-1/2"]
[ECO "C02"]
[WhiteElo "1645"]
[BlackElo "1780"]
[Annotator "NA RC"]
[PlyCount "93"]
[EventDate "2024.03.13"]
[EventType "swiss"]
[EventCountry "ESP"]
[SourceTitle "playchess.com"]
[Source "ChessBase"]
[SourceQuality "1"]
[TimeControl "5400+30"]

1. e4 e6 2. d4 d5 3. e5 c5 4. c3 Nc6 5. Nf3 Qb6 6. Bd3 cxd4 7. O-O Bd7 8. Re1 Nge7 9. h4 Nf5 10. Bxf5 exf5 11. cxd4 Be7 12. Nc3 Be6 13. a3 h6 14. h5 Rd8 15. Ne2 O-O 16. Nf4 Nb8 17. Re3 Rfe8 18. Rb3 Qc7 19. Ne1 Nd7 20. Ned3 Nf8 21. Be3 b6 22. Rc1 Qb7 23. Qf3 Nh7 24. Nxe6 fxe6 25. Rbc3 Rc8 26. Qg3 Bg5 27. Bxg5 Nxg5 28. f3 Rxc3 29. Rxc3 Rc8 30. Qe1 a5 31. a4 Rc4 32. Rxc4 dxc4 33. Nf4 Qd7 34. Qd1 Nf7 35. Ng6 b5 36. axb5 Qxb5 37. Qd2 Qb4 38. Qc2 a4 39. Nf4 Qe1+ 40. Kh2 Qh4+ 41. Nh3 Qxd4 42. Qxa4 Nxe5 43. Qe8+ Kh7 44. Qxe6 Qxb2 45. Qxf5+ Kg8 46. Qc8+ Kf7 47. Qc7+ 1/2-1/2

[Event "Catalan Youth Championship 2024"]
[Site "Cambrils"]
[Date "2024.03.26"]
[Round "6.9"]
[White "Prada Villagrasa, Pau Manel"]
[Black "Molina Gil, Noah"]
[Result "1-0"]
[ECO "C42"]
[WhiteElo "2103"]
[BlackElo "1932"]
[Annotator "RC"]
[PlyCount "95"]
[EventDate "2024.03.13"]
[EventType "swiss"]
[EventCountry "ESP"]
[SourceTitle "playchess.com"]
[Source "ChessBase"]
[SourceQuality "1"]
[TimeControl "5400+30"]

1. e4 e5 2. Nf3 Nf6 3. Nxe5 Nxe4 4. Qe2 Qe7 5. Qxe4 d6 6. d4 dxe5 7. dxe5 Nc6 8. Nc3 Qxe5 9. Qxe5+ Nxe5 10. Bf4 Bd6 11. Bg3 h5 12. O-O-O f6 13. Nb5 h4 14. Nxd6+ cxd6 15. Bf4 Ke7 16. Be2 Bf5 17. Bd2 Rac8 18. Bc3 g5 19. Rhe1 a6 20. g3 hxg3 21. hxg3 g4 22. Rd4 Kd7 23. Rf4 Rh5 24. Bxe5 fxe5 25. Rxf5 Rxf5 26. Bxg4 Rcf8 27. Kd2 Kc6 28. Bxf5 Rxf5 29. Ke3 Kd5 30. Rd1+ Ke6 31. Rh1 Kd5 32. f4 Rf7 33. Rh5 Rg7 34. Kf3 Ke6 35. Rh6+ Kd5 36. f5 Rc7 37. c3 e4+ 38. Kf4 Rc4 39. Re6 b5 40. Re7 b4 41. f6 bxc3 42. bxc3 Rxc3 43. Rxe4 Rc1 44. Re7 Kc6 45. f7 d5 46. Re3 Rc4+ 47. Kf5 Rc1 48. Rf3 1-0

[Event "Catalan Youth Championship 2024"]
[Site "Cambrils"]
[Date "2024.03.26"]
[Round "6.10"]
[White "Mallorqui Llop, Marc"]
[Black "Uber Gracia, Hugo"]
[Result "0-1"]
[ECO "B23"]
[WhiteElo "1874"]
[BlackElo "2237"]
[Annotator "RC"]
[PlyCount "140"]
[EventDate "2024.03.13"]
[EventType "swiss"]
[EventCountry "ESP"]
[SourceTitle "playchess.com"]
[Source "ChessBase"]
[SourceQuality "1"]
[TimeControl "5400+30"]

1. e4 c5 2. Nc3 e6 3. f4 d5 4. Bb5+ Bd7 5. Bxd7+ Qxd7 6. d3 Nc6 7. Nf3 Nge7 8. O-O O-O-O 9. Bd2 f6 10. a3 Nd4 11. exd5 Nxf3+ 12. Qxf3 exd5 13. b4 Nf5 14. Ne2 h5 15. Be3 Nxe3 16. Qxe3 Re8 17. Qf2 b6 18. c3 Bd6 19. Qf3 g5 20. Rae1 cxb4 21. cxb4 g4 22. Rc1+ Kb8 23. Qf2 h4 24. Nd4 h3 25. g3 Rc8 26. Qd2 Kb7 27. Rxc8 Rxc8 28. Rc1 a5 29. Kf1 Rxc1+ 30. Qxc1 axb4 31. axb4 Bxb4 32. Qb2 Qe7 33. Nc2 Bc5 34. Qb3 Qe6 35. d4 Be7 36. Ne3 Kb8 37. Nxd5 Bd8 38. Qb5 Kb7 39. Nb4 Qe4 40. Qa6+ Kb8 41. Qc4 Qh1+ 42. Ke2 Qxh2+ 43. Kd1 Qh1+ 44. Kd2 Qg2+ 45. Kd1 Kb7 46. Qa6+ Kb8 47. Qc4 Kb7 48. Qa6+ Kc7 49. Qc4+ Kd6 50. Qc8 Be7 51. Qb8+ Ke6 52. Qg8+ Kd7 53. Qxg4+ Kc7 54. Na6+ Kd6 55. Nb8 Qb7 56. f5 Kc7 57. Qxh3 Kxb8 58. Qh8+ Ka7 59. Qg8 Qf3+ 60. Kc2 Qxf5+ 61. Kd1 Qd3+ 62. Ke1 Qxd4 63. Qa2+ Kb7 64. Qg2+ Kb8 65. Qa2 Qe3+ 66. Kf1 Qf3+ 67. Kg1 Qxg3+ 68. Kf1 Qf3+ 69. Kg1 Bc5+ 70. Kh2 Qf2+ 0-1

[Event "Catalan Youth Championship 2024"]
[Site "Cambrils"]
[Date "2024.03.26"]
[Round "6.11"]
[White "Villa Tornero, Alex"]
[Black "Marin Ripoll, Marti"]
[Result "1/2-1/2"]
[ECO "B50"]
[WhiteElo "2329"]
[BlackElo "1884"]
[Annotator "RC"]
[PlyCount "57"]
[EventDate "2024.03.13"]
[EventType "swiss"]
[EventCountry "ESP"]
[SourceTitle "playchess.com"]
[Source "ChessBase"]
[SourceQuality "1"]
[TimeControl "5400+30"]

1. e4 c5 2. Nf3 d6 3. c3 Nf6 4. Be2 g6 5. O-O Bg7 6. Re1 O-O 7. Bf1 Bg4 8. h3 Bxf3 9. Qxf3 Nc6 10. d3 b5 11. Na3 b4 12. Nc4 Nd7 13. Bd2 Nb6 14. Ne3 Na4 15. e5 Nxe5 16. Qd1 bxc3 17. bxc3 Nb6 18. a4 Nc6 19. Qf3 Rc8 20. h4 h5 21. a5 Nd7 22. Ra4 Nf6 23. g4 Ne5 24. Qg3 Qd7 25. Rf4 hxg4 26. Rxf6 Bxf6 27. Be2 Nf3+ 28. Bxf3 gxf3 29. h5 1/2-1/2

[Event "Catalan Youth Championship 2024"]
[Site "Cambrils"]
[Date "2024.03.26"]
[Round "6.12"]
[White "Mares, Mario Gabriel"]
[Black "Herman Gamazo, Isaac"]
[Result "1/2-1/2"]
[ECO "C29"]
[WhiteElo "1782"]
[BlackElo "2096"]
[Annotator "RC"]
[PlyCount "93"]
[EventDate "2024.03.13"]
[EventType "swiss"]
[EventCountry "ESP"]
[SourceTitle "playchess.com"]
[Source "ChessBase"]
[SourceQuality "1"]
[TimeControl "5400+30"]

1. e4 e5 2. Nc3 Nf6 3. f4 exf4 4. e5 Ng8 5. Nf3 d5 6. d4 Be6 7. Bxf4 Ne7 8. Bd3 Ng6 9. Be3 Be7 10. Qd2 Nd7 11. Ne2 a6 12. a4 b6 13. c3 Ndf8 14. Nf4 Nxf4 15. Bxf4 c5 16. O-O c4 17. Bc2 Ng6 18. Be3 O-O 19. Rf2 b5 20. Raf1 Qd7 21. Qd1 b4 22. cxb4 Bxb4 23. h3 Bf5 24. Bxf5 Qxf5 25. Ng5 Qd3 26. Qxd3 cxd3 27. Bd2 Rab8 28. Nf3 f6 29. Bxb4 Rxb4 30. exf6 Rxf6 31. Rd2 Nf4 32. g3 Ne2+ 33. Kg2 Rg6 34. g4 Rf6 35. a5 Rc4 36. Ne1 Nf4+ 37. Kg3 Rxd4 38. Rf3 Ne2+ 39. Kf2 Rxf3+ 40. Nxf3 Rb4 41. Rxd3 Rxb2 42. Ke3 Ra2 43. Rxd5 Nc3 44. Rc5 Nb5 45. Ne5 Kf8 46. Nc4 Rc2 47. Ke4 1/2-1/2